 Dungeon Crawl Stone Soup version 0.31-a0-7-g51783674b7 (console) character file.

Game seed: 4549827122591698878

457 om the Caller (level 7, -1/48 HPs)
             Began as a Merfolk Summoner on May 5, 2023.
             Slain by a gnoll
             ... wielding a +2 whip of venom
              (8 damage)
             ... on level 3 of the Dungeon.
             The game lasted 00:24:28 (3524 turns).

om the Caller (Merfolk Summoner)                    Turns: 3524, Time: 00:24:28

Health: -1/48      AC:  2    Str:  8    XL:     7   Next: 6%
Magic:  8/13       EV: 13    Int: 16    God:
Gold:   154        SH:  3    Dex: 15    Spells: 8/14 levels left

rFire   . . .        s - +0 trident
rCold   . . .        o - +0 buckler
rNeg    . . .        a - +0 robe
rPois   .            (no helmet)
rElec   .            (no cloak)
rCorr   .            (no gloves)
SInv    .            (no boots)
Will    .....        (no amulet)
Stlth   +++          n - ring of wizardry
HPRegen 0.28/turn    (no ring)
MPRegen 0.13/turn

%: wizardry (x1)
@: lethally poisoned (-1 -> -22), studying Fighting
A: (nimble swimmer 2), mertail
a: no special abilities


You were on level 3 of the Dungeon.
You visited 1 branch of the dungeon, and saw 3 of its levels.

You collected 154 gold pieces.

Inventory:

Hand Weapons
 r - a +0 short sword
 s - a +0 trident (weapon)
Armour
 a - a +0 robe (worn)
 o - a +0 buckler (worn)
Jewellery
 i - a +6 ring of intelligence
 n - a ring of wizardry (left hand)
Scrolls
 d - a scroll of poison {unknown}
 e - a scroll of magic mapping
 f - a scroll of torment {unknown}
 h - a scroll of enchant weapon {unknown}
 q - a scroll of teleportation {unknown}
Potions
 b - 3 potions of magic
 c - 2 potions of brilliance
 g - a potion of mutation {unknown}
 j - a potion of lignification {unknown}
 k - a potion of curing
 l - a potion of resistance {unknown}
 m - a potion of cancellation
 p - a potion of invisibility


   Skills:
 + Level 1.1 Fighting
 + Level 0.0 Polearms
 + Level 4.6 Dodging
 + Level 3.9 Stealth
 * Level 4.1 Spellcasting
 * Level 5.7 Summonings


You had 8 spell levels left.
You knew the following spells:

 Your Spells              Type           Power      Damage    Failure   Level
a - Summon Small Mammal   Summ           84%        N/A       1%          1
b - Call Imp              Summ           42%        N/A       1%          2
c - Call Canine Familiar  Summ           21%        N/A       3%          3

Your spell library contained the following spells:

 Spells                   Type           Power      Damage    Failure   Level
 Apportation              Tloc           6%         N/A       11%         1
 Summon Guardian Golem    Hex/Summ       12%        N/A       11%         3
 Stone Arrow              Conj/Erth      6%         3d7       32%         3
 Animate Armour           Summ/Erth      24%        N/A       32%         4
 Summon Lightning Spire   Summ/Air       12%        N/A       32%         4
 Alistair's Intoxication  Tmut/Pois      2%         N/A       95%         5
 Lehudib's Crystal Spear  Conj/Erth      1%         10d2      100%        8


Dungeon Overview and Level Annotations

Branches:
Dungeon (3/15)

Altars:


Innate Abilities, Weirdness & Mutations

((You are very nimble when in or above water. (Stealth+, EV+, Speed+++)))
Your lower body shifts to a powerful aquatic tail in water.


Message History

Your cerulean imp barely misses the gnoll.
There is an open door, spattered with blood here.
Things that are here:
a +0 spear; a gnoll skeleton The gnoll attacks as you move away!
The gnoll misses you.
You feel very sick.
Your hound bites the gnoll.
Your cerulean imp closely misses the gnoll.
Your hound bites the gnoll.
Things that are here:
a +0 dagger; a +0 robe; a +0 club You barely miss the gnoll.
The gnoll is moderately wounded.
You feel very sick. The gnoll closely misses you.
Your hound bites the gnoll.
Your cerulean imp barely misses the gnoll.
The gnoll barely misses you.
Your hound closely misses the gnoll.
You feel sick.
Your cerulean imp hits the gnoll but does no damage.
Items here: ( )) [.
You hit the gnoll but do no damage.
The gnoll is heavily wounded.
You feel sick.
Your cerulean imp hits the gnoll but does no damage.
Your hound barely misses the gnoll.
The gnoll hits you with a +2 whip of venom!
You are more poisoned.
Your cerulean imp closely misses the gnoll.
Casting: Call Canine Familiar (dangerous; 3% risk of failure)
Confirm with . or Enter, or press ? or * to list all spells.
You feel very sick.
Your hound bites the gnoll but does no damage.
The gnoll hits you with a +2 whip of venom.
* * * LOW HITPOINT WARNING * * *
You are more poisoned.
Your hound bites the gnoll.
Your cerulean imp closely misses the gnoll.
The gnoll attacks as you move away!
The gnoll hits you with a +2 whip of venom!
You die...

#####++++###### # #.
#.#################
......#.'.........
.....#.#.........
....~≈≈.#.###)##.#...).....
....~≈≈. .#|)..#.#.........
....~≈~ .#...b###h########
....~≈###'#....)@g5.....#
....≈≈#...#)#####################
....~≈#...#.)....................
....~~#####≈)~≈~)~~~~~~~~~~~≈≈≈~~
....~~≈≈≈≈≈≈≈≈≈≈≈≈≈≈≈≈~≈~≈≈≈≈≈≈≈≈
....~~~≈≈≈~≈~~≈~~~≈~~~~~~~~≈~~~~≈
..............P................P.
......P..........................
#################################


You could see a gnoll (ally target), a friendly hound (summoned), a friendly
cerulean imp (summoned) and a friendly bat (summoned).

Vanquished Creatures
  A howler monkey (D:3)
  An orc wizard (D:3)
  An adder (D:2)
  2 orcs (D:3)
  4 jackals (D:3)
  A kobold (D:3)
  A rat (D:1)
11 creatures vanquished.

Vanquished Creatures (collateral kills)
  2 howler monkeys (D:3)
  An orc priest (D:3)
  An iguana (D:3)
  Natasha (thrice) (D:2)
  6 gnolls (D:3)
  3 adders
  A dart slug (D:2)
  13 orcs (D:3)
  7 endoplasms
  6 goblins
  3 hobgoblins
  7 jackals (D:3)
  2 quokkas (D:1)
  2 ball pythons (D:1)
  5 bats
  5 frilled lizards
  3 kobolds
  12 rats
82 creatures vanquished.

Grand Total: 93 creatures vanquished

Notes
Turn   | Place    | Note
-------+----------+-------------------------------------------
     0 | D:1      | om the Merfolk Summoner began the quest for the Orb.
     0 | D:1      | Reached XP level 1. HP: 13/13 MP: 3/3
   285 | D:1      | Reached XP level 2. HP: 18/19 MP: 1/5
   473 | D:1      | Learned a level 2 spell: Call Imp
   807 | D:1      | Reached XP level 3. HP: 24/24 MP: 3/6
  1035 | D:2      | Noticed Natasha
  1046 | D:2      | Killed Natasha
  1282 | D:2      | Reached XP level 4. HP: 30/30 MP: 5/8
  1344 | D:2      | Noticed Natasha
  1353 | D:2      | Killed Natasha
  1590 | D:2      | Noticed Natasha
  1608 | D:2      | Killed Natasha
  1609 | D:2      | Reached XP level 5. HP: 27/35 MP: 1/9
  2413 | D:3      | Reached skill level 5 in Summonings
  2806 | D:3      | Reached XP level 6. HP: 41/41 MP: 6/11
  2839 | D:3      | Learned a level 3 spell: Call Canine Familiar
  2996 | D:3      | Reached skill level 1 in Fighting
  3277 | D:3      | Reached XP level 7. HP: 48/48 MP: 7/13
  3524 | D:3      | Slain by a gnoll

Illustrated notes

Levels and vault maps discovered:
D:1:      spicycebolla_arrival_ecumenical, layout_rooms
D:2:      minmay_angry_zag, layout_basic, uniq_natasha
D:3:      lemuel_castle_with_subvaults [lemuel_castle_interior_carwin_1],
          layout_basic

Skill      XL: |  1  2  3  4  5  6 |
---------------+-------------------+-----
Dodging        | 3 4 |  4.6
Stealth        | 3 |  3.9
Spellcasting   | 3 4 |  4.1
Summonings     | 5 |  5.7
Fighting       | 1 |  1.1

Action                     |  1- 3 |  4- 6 |  7- 9 || total
---------------------------+-------+-------+-------++-------
  Melee: Unarmed           |     9 |       |       ||     9
         Dagger            |     2 |     8 |       ||    10
         Short sword       |       |    50 |       ||    50
         Tailslap          |       |     8 |       ||     8
         Trident           |       |    15 |     9 ||    24
   Cast: Summon Small Mamm |    38 |    35 |     3 ||    76
         Call Imp          |    11 |    21 |     2 ||    34
         Call Canine Famil |       |     7 |     3 ||    10
    Use: Scroll            |       |     5 |       ||     5
   Stab: Sleeping          |       |     1 |       ||     1
 Armour: Robe              |    17 |     9 |       ||    26
  Dodge: Dodged            |    51 |    75 |     8 ||   134
  Block: Buckler           |       |    14 |       ||    14

Table legend: (Time is in decaauts)
 A = Elapsed time spent in this place.
 B = Non-inter-level travel time spent in this place.
 C = Inter-level travel time spent in this place.
 D = Time resting spent in this place.
 E = Time spent auto-exploring this place.
 F = Levels seen in this place.
 G = Mean time per level.
                   A        B        C        D        E       F      G
               +--------+--------+--------+--------+--------+-----+--------+
         Total |   3497 |   3455 |     42 |   1017 |   1301 |   3 | 1165.7 |
       Dungeon |   3497 |   3455 |     42 |   1017 |   1301 |   3 | 1165.7 |
               +--------+--------+--------+--------+--------+-----+--------+

Top non-repeatable levels by time:
     D:3: 1526 daAuts
     D:2: 1039 daAuts
     D:1: 931 daAuts
